NCAA
SOUTH CAROLINA GAMECOCKS @ GEORGETOWN HOYAS
04/03/2024
 
TOP OF THE 1ST
South Carolina Gamecocks batting - Pitching for Georgetown Hoyas : RHP Walt Wolfe
Pitching: RHP Walt Wolfe
Batting: LHB Josh Pérez 0-0: Ball
1-0: Ball
2-0: Called Strike
2-1: Foul Ball, location: 2F
2-2: Foul Ball, location: 2F
2-2: Strikes out swinging
Batting: RHB Carl Johnston 0-0: Called Strike
0-1: Fly out, F8 (Flyball, 8RM)
Batting: RHB Junior Adams 0-0: Called Strike
0-1: Called Strike
0-2: Strikes out swinging
Top of the 1st over - 0 run(s), 0 hit(s), 0 error(s), 0 left on base; South Carolina 0 - Georgetown 0
BOTTOM OF THE 1ST
Georgetown Hoyas batting - Pitching for South Carolina Gamecocks : RHP Rafael Lerma
Pitching: RHP Rafael Lerma
Batting: RHB Bob Lee 0-0: Ball
1-0: Called Strike
1-1: Ball
2-1: Fly out, F8 (Flyball, 8RM)
Batting: SHB Edward Weber 0-0: Ball
1-0: Swinging Strike
1-1: Ball
2-1: Swinging Strike
2-2: Ball
3-2: Foul Ball, location: 2F
3-2: Foul Ball, location: 2F
3-2: Base on Balls
Batting: LHB Alan McGilroy 0-0: SINGLE (Line Drive, 34D)
Edward Weber to second
Batting: LHB Ken Bullard 0-0: Ball
1-0: Ball
2-0: Ball
3-0: Called Strike
3-1: SINGLE (Groundball, 34D)
Edward Weber to third
Alan McGilroy to second
Batting: SHB Jeffrey MacNeill 0-0: Ball
1-0: Called Strike
1-1: Foul Ball, location: 2F
1-2: Strikes out swinging
Batting: LHB Tim Rose 0-0: Called Strike
0-1: Ball
1-1: Ball
2-1: SINGLE (Line Drive, 78S)
Edward Weber scores
Alan McGilroy to third
Ken Bullard to second
Runner from 3rd tries for Home, SAFE, no throw or cutoff
Batting: SHB Emmett Kinch 0-0: Called Strike
0-1: Ball
Passed Ball!
Ken Bullard to third
Tim Rose to second
1-1: Ball
2-1: Foul Ball, location: 2F
2-2: Ball
Wild Pitch!
Ken Bullard scores
Tim Rose to third
3-2: Foul Ball, location: 2F
3-2: Foul Ball, location: 2F
3-2: Hit by Pitch
Batting: RHB Luis Flores 0-0: Hit by Pitch
Emmett Kinch to second
Batting: LHB Chris Smith 0-0: Ball
1-0: SINGLE (Groundball, 56D)
Tim Rose scores
Emmett Kinch to third
Luis Flores to second
Runner from 3rd tries for Home, SAFE, no throw or cutoff
Batting: RHB Bob Lee 0-0: Ball
1-0: Swinging Strike
1-1: Ball
2-1: Called Strike
2-2: Ball
3-2: Foul Ball, location: 2F
3-2: Foul Ball, location: 2F
3-2: SINGLE (Groundball, 4)
Luis Flores to third
Chris Smith to second
Luis Flores scores
Chris Smith to third
Batting: SHB Edward Weber 0-0: Ball
1-0: Ball
2-0: Called Strike
2-1: Swinging Strike
2-2: Foul Ball, location: 2F
2-2: Foul Ball, location: 2F
2-2: Ball
3-2: Base on Balls
Bob Lee to second
Batting: LHB Alan McGilroy 0-0: Ball
1-0: Foul Ball, location: 2F
1-1: Ball
2-1: Ball
3-1: Called Strike
3-2: SINGLE (Groundball, 34)
Chris Smith scores
Bob Lee to third
Edward Weber to second
Bob Lee scores
Edward Weber to third
Pitching: RHP Kelly Sheehan
Batting: LHB Ken Bullard 0-0: Called Strike
0-1: Ball
1-1: Called Strike
1-2: Foul Ball, location: 2F
1-2: Fly out, F7 (Flyball, 7M)
Bottom of the 1st over - 8 run(s), 6 hit(s), 0 error(s), 2 left on base; South Carolina 0 - Georgetown 8
TOP OF THE 2ND
South Carolina Gamecocks batting - Pitching for Georgetown Hoyas : RHP Walt Wolfe
Batting: RHB Doug O'Brien 0-0: Foul Ball, location: 2F
0-1: Swinging Strike
0-2: Ball
1-2: Foul Ball, location: 2F
1-2: Foul Ball, location: 2F
1-2: Strikes out swinging
Batting: RHB Taylor Justice 0-0: Swinging Strike
0-1: Ball
1-1: Ball
2-1: Called Strike
2-2: Strikes out looking
Batting: RHB Josh Baker 0-0: Swinging Strike
0-1: Ball
1-1: Swinging Strike
1-2: Foul Ball, location: 2F
1-2: Ball
2-2: Foul Ball, location: 2F
2-2: Foul Ball, location: 2F
2-2: Foul Ball, location: 2F
2-2: Ground out 5-3 (Groundball, 5)
Top of the 2nd over - 0 run(s), 0 hit(s), 0 error(s), 0 left on base; South Carolina 0 - Georgetown 8
BOTTOM OF THE 2ND
Georgetown Hoyas batting - Pitching for South Carolina Gamecocks : RHP Kelly Sheehan
Batting: SHB Jeffrey MacNeill 0-0: Ball
1-0: Called Strike
1-1: Fly out, F7 (Flyball, 7M)
Batting: LHB Tim Rose 0-0: Ball
1-0: Ball
2-0: Ball
3-0: Base on Balls
Batting: SHB Emmett Kinch 0-0: Called Strike
0-1: Ball
1-1: Grounds into double play, 4-6-3 (Groundball, 4)
Bottom of the 2nd over - 0 run(s), 0 hit(s), 0 error(s), 0 left on base; South Carolina 0 - Georgetown 8
TOP OF THE 3RD
South Carolina Gamecocks batting - Pitching for Georgetown Hoyas : RHP Walt Wolfe
Batting: RHB Clint Ratzlaff 0-0: Ball
1-0: Called Strike
1-1: Called Strike
1-2: Foul Ball, location: 2F
1-2: Strikes out swinging
Batting: RHB José Zúńiga 0-0: Ball
1-0: Called Strike
1-1: Swinging Strike
1-2: Strikes out swinging
Batting: RHB Gary Wyatt 0-0: Foul Ball, location: 2F
0-1: Foul Ball, location: 2F
0-2: Ball
1-2: Ball
2-2: Foul Ball, location: 2F
2-2: Ball
3-2: Foul Ball, location: 2F
3-2: Base on Balls
Batting: LHB Josh Pérez 0-0: Called Strike
0-1: Swinging Strike
0-2: Foul Ball, location: 2F
0-2: Foul Ball, location: 2F
0-2: Ball
Gary Wyatt is caught stealing 2nd base
Top of the 3rd over - 0 run(s), 0 hit(s), 0 error(s), 0 left on base; South Carolina 0 - Georgetown 8
BOTTOM OF THE 3RD
Georgetown Hoyas batting - Pitching for South Carolina Gamecocks : RHP Kelly Sheehan
Batting: RHB Luis Flores 0-0: Foul Ball, location: 2F
0-1: Called Strike
0-2: Strikes out swinging
Batting: LHB Chris Smith 0-0: Ball
1-0: Foul Ball, location: 2F
1-1: Called Strike
1-2: Ball
2-2: Fly out, F9 (Flyball, 9M)
Batting: RHB Bob Lee 0-0: Called Strike
0-1: Foul Ball, location: 2F
0-2: Ball
1-2: Ball
2-2: Ball
3-2: Base on Balls
Batting: SHB Edward Weber 0-0: Ball
1-0: Foul Ball, location: 2F
1-1: Foul Ball, location: 2F
1-2: Ball
2-2: SINGLE (Groundball, 34D)
Bob Lee to second
Runner from 2nd tries for 3rd, SAFE, throw made to third
Batting: LHB Alan McGilroy 0-0: Called Strike
0-1: Ball
1-1: Ground out U3 (Groundball, 3)
Bottom of the 3rd over - 0 run(s), 1 hit(s), 0 error(s), 2 left on base; South Carolina 0 - Georgetown 8
TOP OF THE 4TH
South Carolina Gamecocks batting - Pitching for Georgetown Hoyas : RHP Walt Wolfe
Batting: LHB Josh Pérez 0-0: Ball
1-0: Called Strike
1-1: Ball
2-1: Foul Ball, location: 2F
2-2: Ball
3-2: Base on Balls
Batting: RHB Carl Johnston 0-0: Ball
1-0: Ball
2-0: Called Strike
2-1: Ball
3-1: Grounds into double play, 6-4-3 (Groundball, 6)
Batting: RHB Junior Adams 0-0: Called Strike
0-1: Swinging Strike
0-2: Ball
1-2: Strikes out swinging
Top of the 4th over - 0 run(s), 0 hit(s), 0 error(s), 0 left on base; South Carolina 0 - Georgetown 8
BOTTOM OF THE 4TH
Georgetown Hoyas batting - Pitching for South Carolina Gamecocks : RHP Kelly Sheehan
Batting: LHB Ken Bullard 0-0: Ball
1-0: Called Strike
1-1: Ball
2-1: Ground out 1-3 (Groundball, 13)
Batting: SHB Jeffrey MacNeill 0-0: Ball
1-0: Foul Ball, location: 2F
1-1: Swinging Strike
1-2: Ball
2-2: Strikes out looking
Batting: LHB Tim Rose 0-0: SINGLE (Groundball, 34)
Batting: SHB Emmett Kinch 0-0: Ball
1-0: Foul Ball, location: 2F
1-1: Ball
2-1: Ball
3-1: Foul Ball, location: 2F
3-2: DOUBLE (Line Drive, 78M)
Tim Rose to third
Tim Rose scores
Batting: RHB Luis Flores 0-0: Ball
1-0: Foul Ball, location: 2F
1-1: Called Strike
1-2: Fly out, F8 (Line Drive, 78M)
Bottom of the 4th over - 1 run(s), 2 hit(s), 0 error(s), 1 left on base; South Carolina 0 - Georgetown 9
TOP OF THE 5TH
South Carolina Gamecocks batting - Pitching for Georgetown Hoyas : RHP Walt Wolfe
Batting: RHB Doug O'Brien 0-0: Called Strike
0-1: Called Strike
0-2: Ball
1-2: Ball
2-2: Strikes out swinging
Batting: RHB Taylor Justice 0-0: Ball
1-0: Ball
2-0: Ball
3-0: Base on Balls
Batting: RHB Josh Baker 0-0: Called Strike
0-1: Swinging Strike
0-2: Strikes out looking
Batting: RHB Clint Ratzlaff 0-0: Ball
1-0: Ball
2-0: 2-RUN HOME RUN (Flyball, 7D), Distance : 344 ft
Batting: RHB José Zúńiga 0-0: Ball
1-0: Ball
2-0: Ball
3-0: Called Strike
3-1: Base on Balls
Pitching: LHP Fernando Flores
Batting: RHB Gary Wyatt 0-0: Called Strike
José Zúńiga is caught stealing 2nd base
Top of the 5th over - 2 run(s), 1 hit(s), 0 error(s), 0 left on base; South Carolina 2 - Georgetown 9
BOTTOM OF THE 5TH
Georgetown Hoyas batting - Pitching for South Carolina Gamecocks : RHP Kelly Sheehan
Pitching: RHP Aaron Williams
Batting: LHB Chris Smith 0-0: Called Strike
0-1: Foul Ball, location: 2F
0-2: Ball
1-2: Ball
2-2: Ball
3-2: Foul Ball, location: 2F
3-2: Fly out, F8 (Line Drive, 8RM)
Batting: RHB Bob Lee 0-0: Called Strike
0-1: Ball
1-1: Called Strike
1-2: Ball
2-2: Foul Ball, location: 2F
2-2: Ball
3-2: Fly out, F4 (Line Drive, 34)
Batting: SHB Edward Weber 0-0: Called Strike
0-1: Ball
1-1: Called Strike
1-2: Ball
2-2: Ground out U3 (Groundball, 3)
Bottom of the 5th over - 0 run(s), 0 hit(s), 0 error(s), 0 left on base; South Carolina 2 - Georgetown 9
TOP OF THE 6TH
South Carolina Gamecocks batting - Pitching for Georgetown Hoyas : LHP Fernando Flores
Batting: RHB Gary Wyatt 0-0: Called Strike
0-1: Ball
1-1: Swinging Strike
1-2: Foul Ball, location: 2F
1-2: Ball
2-2: Strikes out swinging
Batting: LHB Josh Pérez 0-0: Called Strike
0-1: Ball
1-1: Ball
2-1: Ground out 4-3 (Groundball, 4)
Batting: RHB Carl Johnston 0-0: Ball
1-0: Foul Ball, location: 2F
1-1: Fly out, F6 (Popup, 6MD)
Top of the 6th over - 0 run(s), 0 hit(s), 0 error(s), 0 left on base; South Carolina 2 - Georgetown 9
BOTTOM OF THE 6TH
Georgetown Hoyas batting - Pitching for South Carolina Gamecocks : RHP Aaron Williams
Batting: LHB Alan McGilroy 0-0: Ball
1-0: Ball
2-0: Called Strike
2-1: Swinging Strike
2-2: Strikes out swinging
Batting: LHB Ken Bullard 0-0: Called Strike
0-1: Foul Ball, location: 2F
0-2: Ball
1-2: Strikes out swinging
Batting: SHB Jeffrey MacNeill 0-0: Called Strike
0-1: Swinging Strike
0-2: Ball
1-2: Ball
2-2: Strikes out swinging
Bottom of the 6th over - 0 run(s), 0 hit(s), 0 error(s), 0 left on base; South Carolina 2 - Georgetown 9
TOP OF THE 7TH
South Carolina Gamecocks batting - Pitching for Georgetown Hoyas : LHP Fernando Flores
Batting: RHB Junior Adams 0-0: Swinging Strike
0-1: Swinging Strike
0-2: Ball
1-2: SINGLE (Line Drive, 78M)
Batting: RHB Doug O'Brien 0-0: Fly out, F8 (Flyball, 8RM)
Batting: RHB Taylor Justice 0-0: Ball
1-0: Called Strike
1-1: Swinging Strike
1-2: Strikes out swinging
Batting: RHB Josh Baker 0-0: Swinging Strike
0-1: Called Strike
0-2: Ball
Junior Adams is caught stealing 2nd base
Top of the 7th over - 0 run(s), 1 hit(s), 0 error(s), 0 left on base; South Carolina 2 - Georgetown 9
BOTTOM OF THE 7TH
Georgetown Hoyas batting - Pitching for South Carolina Gamecocks : RHP Aaron Williams
Pitching: RHP Miguel Martínez
Batting: LHB Tim Rose 0-0: Ball
1-0: Ball
2-0: Called Strike
2-1: SINGLE (Groundball, 34D)
Batting: SHB Emmett Kinch 0-0: Ball
1-0: Called Strike
Tim Rose is caught stealing 2nd base
1-1: Foul Ball, location: 2F
1-2: Ball
2-2: Foul Ball, location: 2F
2-2: Foul Ball, location: 2F
2-2: Foul Ball, location: 2F
2-2: SINGLE (Flyball, 8LS)
Batting: RHB Luis Flores 0-0: Foul Ball, location: 2F
0-1: Foul Ball, location: 2F
0-2: Ball
1-2: Strikes out looking
Batting: LHB Chris Smith 0-0: Called Strike
0-1: Swinging Strike
0-2: Ball
1-2: Ball
2-2: Ball
3-2: Foul Ball, location: 2F
3-2: Base on Balls
Emmett Kinch to second
Batting: RHB Bob Lee 0-0: Ball
1-0: Called Strike
1-1: Ball
2-1: Ball
3-1: SINGLE (Groundball, 4D)
Emmett Kinch to third
Chris Smith to second
Runner from 3rd tries for Home, SAFE, throw made home
Chris Smith to third
Bob Lee to second
Batting: SHB Edward Weber 0-0: Foul Ball, location: 2F
0-1: Ball
1-1: Foul Ball, location: 2F
1-2: Ball
2-2: Ground out 4-3 (Groundball, 4)
Bottom of the 7th over - 1 run(s), 3 hit(s), 0 error(s), 2 left on base; South Carolina 2 - Georgetown 10
TOP OF THE 8TH
South Carolina Gamecocks batting - Pitching for Georgetown Hoyas : LHP Fernando Flores
Pitching: RHP Paul McNeal
Batting: RHB Josh Baker 0-0: Ball
1-0: Ball
2-0: Called Strike
2-1: Foul Ball, location: 2F
2-2: SOLO HOME RUN (Flyball, 78XD), Distance : 380 ft
Batting: RHB Clint Ratzlaff 0-0: Fly out, F8 (Flyball, 8RM)
Batting: RHB José Zúńiga 0-0: Foul Ball, location: 2F
0-1: Ball
1-1: Fly out, F9 (Flyball, 89S)
Batting: RHB Gary Wyatt 0-0: Called Strike
0-1: Ball
1-1: Foul Ball, location: 2F
1-2: Strikes out swinging
Top of the 8th over - 1 run(s), 1 hit(s), 0 error(s), 0 left on base; South Carolina 3 - Georgetown 10
BOTTOM OF THE 8TH
Georgetown Hoyas batting - Pitching for South Carolina Gamecocks : RHP Miguel Martínez
Batting: LHB Alan McGilroy 0-0: Ball
1-0: Swinging Strike
1-1: Ball
2-1: Foul Ball, location: 2F
2-2: Ball
3-2: Fly out, F4 (Line Drive, 4M)
Batting: LHB Ken Bullard 0-0: Foul Ball, location: 2F
0-1: Swinging Strike
0-2: SOLO HOME RUN (Flyball, 9D), Distance : 352 ft
Batting: SHB Jeffrey MacNeill 0-0: Called Strike
0-1: Ground out 3-1 (Groundball, 34)
Batting: LHB Tim Rose 0-0: Fly out, F9 (Flyball, 89M)
Bottom of the 8th over - 1 run(s), 1 hit(s), 0 error(s), 0 left on base; South Carolina 3 - Georgetown 11
TOP OF THE 9TH
South Carolina Gamecocks batting - Pitching for Georgetown Hoyas : RHP Paul McNeal
Batting: LHB Josh Pérez 0-0: Ball
1-0: Ball
2-0: Called Strike
2-1: Ball
3-1: Swinging Strike
3-2: Foul Ball, location: 2F
3-2: Base on Balls
Batting: RHB Carl Johnston 0-0: Fly out, F5 (Line Drive, 5)
Batting: RHB Junior Adams 0-0: Foul Ball, location: 2F
0-1: Fly out, F9 (Flyball, 9M)
Batting: RHB Doug O'Brien 0-0: Foul Ball, location: 2F
0-1: Foul Ball, location: 2F
0-2: Ball
1-2: Fly out, F6 (Popup, 56)
Top of the 9th over - 0 run(s), 0 hit(s), 0 error(s), 1 left on base; South Carolina 3 - Georgetown 11
This league is powered by Out of the Park Baseball, the baseball management simulation game for PC, Mac and Linux
Saturday, April 9th, 2016 - OOTP Baseball 16.8 Build 38